 Dungeon Crawl Stone Soup version 0.23.2-40-g277498a (webtiles) character file.

Game seed: 6986614662090479616

466 Zulp the Bolt Thrower (level 7, -3/50 HPs)
             Began as a Human Hunter on Sept 30, 2019.
             Slain by a bullfrog (5 damage)
             ... on level 4 of the Dungeon.
             The game lasted 00:08:11 (2649 turns).

Zulp the Bolt Thrower (Human Hunter)                Turns: 2649, Time: 00:08:11

Health: -3/50      AC:  5    Str: 12    XL:     7   Next: 30%
Magic:  7/7        EV: 13    Int: 12    God:
Gold:   163        SH:  0    Dex: 15    Spells: 6/6 levels left

rFire    . . .     SeeInvis .   a - +2 hand crossbow
rCold    . . .     Gourm    .   (no shield)
rNeg     . . .     Faith    .   c - +0 leather armour
rPois    .         Spirit   .   l - +1 hat
rElec    .         Reflect  .   (no cloak)
rCorr    .         Harm     .   j - +0 pair of gloves
MR       +....                  (no boots)
Stlth    ++........             (no amulet)
HPRegen  0.16/turn              o - ring of protection from magic
MPRegen  0.10/turn              (no ring)

@: no status effects
A: no striking features
a: no special abilities


You were on level 4 of the Dungeon.
You were not hungry.

You visited 1 branch of the dungeon, and saw 4 of its levels.

You collected 163 gold pieces.

Inventory:

Hand Weapons
 a - a +2 hand crossbow (weapon)
 b - a +0 short sword
 n - a +0 hunting sling
Missiles
 e - 34 arrows
 m - 5 tomahawks (quivered)
 p - 8 curare-tipped needles
Armour
 c - a +0 leather armour (worn)
 j - a +0 pair of gloves (worn)
 l - a +1 hat (worn)
Jewellery
 o - a ring of protection from magic (left hand)
 s - an uncursed amulet of harm
Scrolls
 h - a scroll of teleportation
 z - a scroll of blinking {unknown}
Potions
 i - 2 potions of agility {unknown}
 q - a potion of curing {unknown}
 t - a potion of degeneration {unknown}
 w - 2 potions of brilliance {unknown}
Comestibles
 f - 7 rations


   Skills:
 - Level 2.0 Fighting
 - Level 0.4 Short Blades
 * Level 7.8 Crossbows
 * Level 3.2 Dodging
 - Level 1.0 Stealth


You had 6 spell levels left.
You didn't know any spells.
Your spell library was empty.

Dungeon Overview and Level Annotations

Branches:
Dungeon (4/15)
 Temple: D:4-7

Altars:
Trog


Message History

Aim: an adder You throw a tomahawk.
The tomahawk hits the adder.
The adder is severely wounded.
The bullfrog completely misses you. The bullfrog hits you.
* * * LOW HITPOINT WARNING * * *
The adder bites you but does no damage.
Throwing (i - inventory)
m - 7 tomahawks (quivered)
Press: ? - help, Shift-Dir - straight line, f/p - adder
Aim: an adder (severely wounded)
You throw a tomahawk. The tomahawk closely misses the adder.
The bullfrog barely misses you. The adder bites you but does no damage.
The bullfrog closely misses you. The adder closely misses you.
Throwing (i - inventory)
m - 6 tomahawks (quivered)
Press: ? - help, Shift-Dir - straight line, f/p - adder
Aim: an adder (severely wounded)
You throw a tomahawk.
The tomahawk hits the adder but does no damage.
The adder is severely wounded.
The bullfrog hits you.
You die...

##..####...#
####
#.P.PPP...##
##.P$$$P...#
...P$$$P..##
#..P$$$P..#
.#..P.P.##
####.(.#
##SF## #..@#
#..## #...
....# ......
......
...... .....


You could see a bullfrog and an adder.

Vanquished Creatures
  Grinder (D:4)
  An ogre (D:4)
  A howler monkey (D:4)
  Natasha (D:2)
  4 adders
  An ooze (D:3)
  5 dart slugs
  A leopard gecko (D:1)
  An orc (D:3)
  3 ball pythons
  5 giant cockroaches
  A goblin (D:2)
  7 hobgoblins
  A quokka (D:2)
  10 bats
  5 frilled lizards
  7 kobolds
  5 rats
60 creatures vanquished.

Vanquished Creatures (others)
  4 toadstools (D:4)
4 creatures vanquished.

Grand Total: 64 creatures vanquished

Notes
Turn   | Place    | Note
-------+----------+-------------------------------------------
     0 | D:1      | Zulp the Human Hunter began the quest for the Orb.
     0 | D:1      | Reached XP level 1. HP: 16/16 MP: 1/1
   164 | D:1      | Reached XP level 2. HP: 14/22 MP: 2/2
   392 | D:1      | Reached XP level 3. HP: 27/27 MP: 3/3
   980 | D:2      | Reached skill level 5 in Crossbows
  1259 | D:2      | Noticed Natasha
  1262 | D:2      | Killed Natasha
  1262 | D:2      | Reached XP level 4. HP: 33/33 MP: 4/4
  1795 | D:3      | Reached XP level 5. HP: 38/38 MP: 5/5
  2148 | D:3      | Found a bloodstained altar of Trog.
  2545 | D:4      | Reached skill level 6 in Crossbows
  2548 | D:4      | Noticed Grinder
  2556 | D:4      | Killed Grinder
  2556 | D:4      | Reached skill level 7 in Crossbows
  2556 | D:4      | Reached XP level 6. HP: 44/44 MP: 6/6
  2556 | D:4      | Reached XP level 7. HP: 50/50 MP: 7/7
  2647 | D:4      | HP: 1/50 [bullfrog (3)]
  2649 | D:4      | Slain by a bullfrog

Skill      XL: |  1  2  3  4  5 |
---------------+----------------+-----
Crossbows      | 5 7 |  7.8
Dodging        | 3 |  3.2
Fighting       | |  2.0
Short Blades   | |  0.4
Stealth        | |  1.0

Action                   |  1- 3 |  4- 6 |  7- 9 || total
-------------------------+-------+-------+-------++-------
Melee: Short sword       |    15 |       |       ||    15
 Fire: Hand crossbow     |    83 |    66 |    10 ||   159
Throw: Tomahawk          |       |       |     3 ||     3
  Use: Scroll            |       |     7 |       ||     7
  Eat: Chunk             |       |     3 |       ||     3
       Ration            |       |     1 |       ||     1
Armor: Leather armour    |    25 |     6 |     7 ||    38
Dodge: Dodged            |    54 |    15 |    17 ||    86
